 Dungeon Crawl Stone Soup version 0.21.1-1-g345015f (webtiles) character file.

9 inc the Insei (level 2, -2/18 HPs)
             Began as an Octopode Transmuter on June 11, 2018.
             Slain by a goblin
             ... wielding a +2 dagger of protection
              (3 damage)
             ... on level 1 of the Dungeon.
             The game lasted 00:00:24 (506 turns).

inc the Insei (Octopode Transmuter)                  Turns: 506, Time: 00:00:25

Health: -2/18      AC:  1    Str:  9    XL:     2   Next: 16%
Magic:  4/5        EV: 14    Int: 15    God:
Gold:   15         SH:  0    Dex: 12    Spells: 4/5 levels left

rFire    . . .     SeeInvis .     - Unarmed
rCold    . . .     Gourm    .   (no shield)
rNeg     . . .     Faith    .   (helmet restricted)
rPois    .         Spirit   .   (no amulet)
rElec    .         Reflect  .   (no ring)
rCorr    .         Harm     .   (no ring)
MR       .....                  (no ring)
Stlth    ++........             (no ring)
HPRegen  0.06/turn              (no ring)
MPRegen  0.09/turn              (no ring)
                                (no ring)
                                (no ring)

@: appendage (expiring)
A: almost no armour, stealthy swim, amphibious, 8 rings, constrict 8, tentacle
spike 3, camouflage 1, gelatinous body 1
a: End Transformation


You were on level 1 of the Dungeon.
You were not hungry.
One of your tentacles had a temporary spike.
You visited 1 branch of the dungeon, and saw 1 of its levels.

You collected 15 gold pieces.

Inventory:

Missiles
 a - 12 arrows
Scrolls
 d - 2 scrolls of identify {unknown}
 e - a scroll of remove curse {unknown}
 f - 2 scrolls of teleportation {unknown}
 h - a scroll of blinking {unknown}
Potions
 g - 2 potions of curing {unknown}
Books
 b - a book of Changes

   Spells                             Type                      Level
   a - Beastly Appendage              Transmutation                1
   b - Sticks to Snakes               Transmutation                2
   c - Spider Form                    Transmutation/Poison         3
   d - Ice Form                       Ice/Transmutation            4
   e - Blade Hands                    Transmutation                5
Comestibles
 c - 3 rations


   Skills:
 - Level 1.0 Fighting
 - Level 2.7 Dodging
 + Level 3.0 Unarmed Combat
 - Level 2.0 Spellcasting
 - Level 2.0 Transmutations


You had 4 spell levels left.
You knew the following spells:

 Your Spells              Type           Power        Failure   Level  Hunger
a - Beastly Appendage     Tmut           #.....       10%         1    #......


Dungeon Overview and Level Annotations

Branches:
Dungeon (1/15)

Altars:


Innate Abilities, Weirdness & Mutations

You cannot wear most types of armour.
You are very stealthy in the water. (Stealth+)
You are amphibious.
You can wear up to eight rings at the same time.
You can use your tentacles to constrict eight enemies at once.
Your skin changes colour to match your surroundings (Stealth+).
Your rubbery body absorbs attacks. (AC +1, EV +1)
One of your tentacles bears a large vicious spike.


Message History

The kobold hits you with a short sword. The goblin completely misses you.
You tentacle-slap the goblin.
You kill the goblin!
The kobold hits you but does no damage.
You tentacle-slap the kobold. You grab the kobold.
Your squeeze misses the kobold.
The kobold is heavily wounded.
You constrict the kobold, but do no damage.
The kobold hits you with a short sword.
A goblin comes into view. It is wielding a dagger of protection.
You tentacle-slap the kobold but do no damage.
The kobold is heavily wounded.
You constrict the kobold, but do no damage.
The kobold hits you with a short sword!
* * * LOW HITPOINT WARNING * * *
You tentacle-slap the kobold but do no damage.
The kobold is heavily wounded.
You constrict the kobold.
The goblin hits you with a dagger of protection.
You die...

.........#...
######.......+...
##...##.......#.#.
#.....#.......#..#
#.....#......)#...
#.....#.......#... #
#...##...#.....##
#.###.###...##......
#.g@........#.#.....
#.##K########..#...#
# ...# #...#.#.
..#### #####... ##
#...#.#. #..#.).#
#.#..... ##......
#.....##


You could see a goblin and a kobold.

Vanquished Creatures
  A giant cockroach (D:1)
  3 goblins (D:1)
  A hobgoblin (D:1)
  A kobold (D:1)
  A bat (D:1)
  A frilled lizard (D:1)
  A rat (D:1)
9 creatures vanquished.

Notes
Turn   | Place    | Note
-------+----------+-------------------------------------------
     0 | D:1      | inc the Octopode Transmuter began the quest for the Orb.
     0 | D:1      | Reached XP level 1. HP: 13/13 MP: 3/3
   223 | D:1      | Reached XP level 2. HP: 6/18 MP: 5/5
   506 | D:1      | Slain by a goblin

Action                   || total
-------------------------++-------
Melee: Unarmed           ||    19
       Constrict         ||     7
       Tentacles         ||     6
       Punch             ||     1
 Cast: Beastly Appendage ||     1
 Stab: Sleeping          ||     1
Armor: Skin              ||     1
Dodge: Dodged            ||     8
